 Dungeon Crawl Stone Soup version 0.21.1-1-g345015fe64 (webtiles) character file.

233 Ivernyr the Charmwright (level 5, 0/41 HPs)
             Began as a Demonspawn Skald on Apr 30, 2018.
             Succumbed to an orc's poison
             ... on level 4 of the Dungeon.
             The game lasted 00:08:39 (4366 turns).

Ivernyr the Charmwright (Demonspawn Skald)          Turns: 4366, Time: 00:08:40

Health: 0/41       AC:  5    Str: 12    XL:     5   Next: 74%
Magic:  3/8        EV: 11    Int: 14    God:
Gold:   196        SH:  4    Dex: 13    Spells: 3/8 levels left

rFire    . . .     SeeInvis .   a - +0 falchion
rCold    . . .     Gourm    .   (no shield)
rNeg     . . .     Faith    .   b - +0 ring mail
rPois    .         Spirit   .   (helmet restricted)
rElec    .         Reflect  .   (no cloak)
rCorr    .         Harm     .   (no gloves)
MR       .....                  (no boots)
Stlth    +.........             (no amulet)
HPRegen  0.13/turn              (no ring)
MPRegen  0.11/turn              (no ring)

@: lethally poisoned (0 -> -5), singing, very slightly contaminated
A: antennae 2, large bone plates 1
a: no special abilities


You were on level 4 of the Dungeon.
You were hungry.

You visited 1 branch of the dungeon, and saw 4 of its levels.

You collected 196 gold pieces.

Inventory:

Hand Weapons
 a - a +0 falchion (weapon)
Armour
 b - a +0 ring mail (worn)
Scrolls
 e - 3 scrolls of remove curse
 f - 5 scrolls of identify {unknown}
 g - a scroll of fear {unknown}
 h - a scroll of blinking {unknown}
 j - a scroll of enchant weapon {unknown}
 k - a scroll of noise {unknown}
 l - a scroll of random uselessness {unknown}
 n - a scroll of enchant armour {unknown}
Potions
 m - a potion of resistance
 o - a potion of curing
Books
 c - a book of Battle

   Spells                             Type                      Level
   a - Infusion                       Charms                       1
   b - Shroud of Golubria             Charms/Translocation         2
   c - Song of Slaying                Charms                       2
   d - Spectral Weapon                Hexes/Charms                 3
   e - Regeneration                   Charms/Necromancy            3
Comestibles
 d - 11 rations
 i - 2 chunks of flesh


   Skills:
 + Level 3.2 Fighting
 + Level 2.9 Long Blades
 * Level 3.2 Armour
 - Level 1.7 Dodging
 - Level 2.0 Spellcasting
 + Level 3.5 Charms


You had 3 spell levels left.
You knew the following spells:

 Your Spells              Type           Power        Failure   Level  Hunger
a - Shroud of Golubria    Chrm/Tloc      #.........   36%         2    ###....
b - Song of Slaying       Chrm           ##......     19%         2    ###....
c - Infusion              Chrm           ##..         12%         1    ##.....


Dungeon Overview and Level Annotations

Branches:
Dungeon (4/15)
 Temple: D:4-7

Altars:

Annotations:
D:4 Kejsarherre's ghost, novice DsMo


Innate Abilities, Weirdness & Mutations

You have a pair of antennae on your head.
You are partially covered in large bone plates. (SH +4)


Message History

The orc hits you with a flail.
* * * LOW HITPOINT WARNING * * *
You barely miss the orc.
The orc is almost dead.
You feel sick. The orc priest barely misses you. The orc hits you with a flail.
* * * LOW HITPOINT WARNING * * *
You hit the orc.
You kill the orc!
* * * LOW HITPOINT WARNING * * *
You feel sick.
The orc priest hits you from afar with a trident.
* * * LOW HITPOINT WARNING * * *
Unknown command.
The orc priest barely misses you.
Items here: ))) [[ †† You hit the orc priest but do no damage.
* * * LOW HITPOINT WARNING * * *
You feel sick. The orc priest misses you.
You closely miss the orc priest.
You die...

# #.# #...######
#...o@...#
###.####.# # #.#
#.# #.# #.#
#.####.##########
#...............#
#.####.#.######.#


You could see an orc priest.

Vanquished Creatures
  A hound (D:3)
  An orc wizard (D:3)
  Jessica (D:3)
  4 gnolls (D:3)
  2 adders (D:3)
  3 oozes (D:1)
  A leopard gecko (D:1)
  10 orcs
  2 bats (D:3)
  3 giant cockroaches
  9 goblins
  10 hobgoblins
  4 quokkas
  A ball python (D:3)
  5 frilled lizards
  8 kobolds
  8 rats
73 creatures vanquished.

Vanquished Creatures (others)
  4 toadstools (D:1)
4 creatures vanquished.

Grand Total: 77 creatures vanquished

Notes
Turn   | Place    | Note
-------+----------+-------------------------------------------
     0 | D:1      | Ivernyr the Demonspawn Skald began the quest for the Orb.
     0 | D:1      | Reached XP level 1. HP: 16/16 MP: 3/3
    23 | D:1      | Reached skill level 1 in Armour
   467 | D:1      | Gained mutation: You have a pair of small antennae on your head. [demonic ancestry]
   467 | D:1      | Reached XP level 2. HP: 22/22 MP: 5/5
   736 | D:1      | Learned a level 2 spell: Song of Slaying
   739 | D:1      | Learned a level 2 spell: Shroud of Golubria
   914 | D:1      | Gained mutation: You are partially covered in large bone plates. (SH +4) [demonic ancestry]
   914 | D:1      | Reached XP level 3. HP: 20/28 MP: 6/6
  2353 | D:3      | Gained mutation: You have a pair of antennae on your head. [demonic ancestry]
  2353 | D:3      | Reached XP level 4. HP: 18/34 MP: 0/7
  3313 | D:3      | Noticed Jessica
  3328 | D:3      | Killed Jessica
  3328 | D:3      | Reached XP level 5. HP: 35/41 MP: 5/8
  4087 | D:4      | Noticed an ogre
  4087 | D:4      | Noticed Kejsarherre's ghost (novice DsMo)
  4363 | D:4      | HP: 2/41 [orc priest/trident (3)]
  4366 | D:4      | Succumbed to an orc's poison

Skill      XL: |  1  2  3  4  5 |
---------------+----------------+-----
Armour         | 1 2 3 |  3.2
Long Blades    | 2 |  2.9
Charms         | 3 |  3.5
Fighting       | 3 |  3.2
Dodging        | |  1.7
Spellcasting   | |  2.0

Action                   |  1- 3 |  4- 6 || total
-------------------------+-------+-------++-------
Melee: Falchion          |   189 |   141 ||   330
 Cast: Shroud of Golubri |     4 |    15 ||    19
       Song of Slaying   |       |     2 ||     2
  Use: Scroll            |     1 |       ||     1
       Potion            |       |     2 ||     2
  Eat: Chunk             |     5 |     8 ||    13
Armor: Leather armour    |     4 |       ||     4
       Ring mail         |    50 |    36 ||    86
Dodge: Dodged            |    96 |    87 ||   183
Block: Other             |    26 |    28 ||    54
       Rpst.: Falchion   |    27 |    27 ||    54
